AoeStats
← Terra.

African Clearing

510349345Analyzed
4v4 RM · 2d ago on Sep 30, 2026· 34m 48s· 8 players
Game mode
Random Map
Map size
Large (8 player)
Population
200
Speed
Normal
Resources
Standard
Victory
Conquest
Starting age
Dark Age
Ending age
Imperial Age
RankedLock teamsTeams togetherTeam positionsShared explorationLock speedFull tech treeHidden civsTurbo modeCheats
Victory
Defeat
🇭🇰 Varangians · Hong Kong SAR China
1227
+13
🇨🇳 Tatars · China
1224
+13
🇨🇳 Teutons · China
1146
+16
🇪🇸 Saxons · Spain
1124
+18
🇿🇦 Danes · South Africa
1198
-16
🇵🇪 Spanish · Peru
1174
-16
🇪🇸 Huns · Spain
1150
-15
🇸🇪 Koreans · Sweden
1110
-13
284352547
4:19 Loom
14:09 Feudal Age
15:24 Stone Mining
16:32 Fletching
17:37 Double-Bit Axe
18:26 Horse Collar
23:13 Castle Age
21:47 Gold Mining
29:07 Wheelbarrow
29:09 Heavy Plow
31:27 Bow Saw
31:56 Stone Shaft Mining
33:53 Forging
33:50 Scale Barding Armor
34:57 Town Watch
KRAIKTON
13:39 Feudal Age
15:15 Double-Bit Axe
18:12 Castle Age
19:51 Bow Saw
23:20 Stone Mining
23:57 Gold Mining
25:14 Wheelbarrow
25:44 Gold Shaft Mining
27:18 Hand Cart
26:49 Loom
26:50 Town Watch
29:19 Horse Collar
naturalandre12
3:25 Loom
13:16 Feudal Age
14:59 Double-Bit Axe
15:26 Forging
17:35 Scale Barding Armor
18:42 Bloodlines
24:33 Castle Age
23:14 Horse Collar
25:14 Gold Mining
25:46 Husbandry
26:22 Bow Saw
ppeng
7:22 Loom
14:05 Feudal Age
15:26 Double-Bit Axe
18:05 Castle Age
16:02 Fletching
16:07 Horse Collar
17:52 Padded Archer Armor
19:03 Bow Saw
19:04 Bodkin Arrow
19:16 Husbandry
19:31 Bloodlines
20:02 Husbandry
21:03 Town Watch
21:49 Gold Mining
24:33 Ballistics
25:45 Wheelbarrow
26:29 Leather Archer Armor
28:43 Stone Mining
31:36 Bodkin Arrow
34:12 Masonry
37:37 Imperial Age
变态
4:34 Loom
Terra.
3:34 Loom
14:21 Feudal Age
16:19 Fletching
18:55 Castle Age
17:25 Stone Mining
18:11 Double-Bit Axe
18:19 Horse Collar
18:40 Fletching
21:25 Scale Mail Armor
21:24 Arson
22:59 Bodkin Arrow
24:51 Forging
28:41 Guard Tower
30:50 Ballistics
31:34 Wheelbarrow
33:02 Town Watch
33:59 Squires
34:15 Chain Mail Armor
El Boss
4:50 Loom
14:11 Feudal Age
14:39 Double-Bit Axe
18:11 Gold Mining
21:35 Castle Age
21:32 Stone Mining
28:16 Wheelbarrow
27:28 Town Watch
29:04 Marauders
36:22 Imperial Age
34:19 Fletching
scarabe
13:53 Feudal Age
13:35 Loom
15:38 Double-Bit Axe
20:03 Castle Age
19:36 Fletching
21:08 Crossbowman
26:36 Ballistics
31:27 Bow Saw
32:57 Bodkin Arrow
32:54 Town Watch
Connection lost

Rejoining the realm…

Still unreachable

The connection could not be restored.

Session expired

The server has moved on; the page needs a fresh start.